 Dungeon Crawl Stone Soup version 0.18.1-8-gdd0e5ea (webtiles) character file.

37 mindo the Magician (level 3, 0/21 HPs)
             Began as a High Elf Fire Elementalist on June 9, 2016.
             Succumbed to an adder's poison
             ... on level 2 of the Dungeon.
             The game lasted 00:04:57 (736 turns).

mindo the Magician (High Elf Fire Elementalist)      Turns: 736, Time: 00:04:57

Health: 0/21       AC:  2    Str: 12    XL:     3   Next: 21%
Magic:  8/9        EV: 13    Int: 19    God:
Gold:   50         SH:  0    Dex: 16    Spells: 1 memorised, 8 levels left

rFire  . . .     SeeInvis .     i - +2 dagger (venom)
rCold  . . .     Gourm    .     a - +0 robe
rNeg   . . .     Faith    .     (no shield)
rPois  .         Spirit   .     (no helmet)
rElec  .         Dismiss  .     (no cloak)
rCorr  .         Reflect  .     (no gloves)
SustAt .         Harm     .     (no boots)
MR     .....                    (no amulet)
Stlth  ++........               (no ring)
                                (no ring)

@: mighty, lethally poisoned (0 -> -5), about to teleport, flying, very slightly
contaminated, invisible, not resistant to hostile enchantments, unstealthy
A: no striking features
a: no special abilities


You were on level 2 of the Dungeon.
You were not hungry.

You visited 1 branch of the dungeon, and saw 2 of its levels.

You collected 50 gold pieces.

Inventory:

Hand Weapons
 i - a +2 dagger of venom (weapon)
Armour
 a - a +0 robe (worn)
 n - a cursed +0 buckler
Scrolls
 e - 3 scrolls of noise {unknown}
 h - a scroll of immolation {unknown}
 j - a scroll of enchant weapon {unknown}
 k - 2 scrolls of identify {unknown}
 l - a scroll of fear {unknown}
 p - a scroll of magic mapping {unknown}
Potions
 o - a potion of flight
Books
 b - a book of Flames

   Spells                             Type                      Level
   a - Flame Tongue                   Conjuration/Fire             1
   b - Throw Flame                    Conjuration/Fire             2
   c - Conjure Flame                  Conjuration/Fire             3
   d - Inner Flame                    Hexes/Fire                   3
   e - Sticky Flame                   Conjuration/Fire             4
   f - Fireball                       Conjuration/Fire             5
Comestibles
 c - a bread ration
 f - 2 meat rations


   Skills:
 + Level 2.2 Dodging
 + Level 2.1 Stealth
 + Level 3.5 Spellcasting
 + Level 1.4 Conjurations
 + Level 3.4 Fire Magic


You had 8 spell levels left.
You knew the following spells:

 Your Spells              Type           Power        Failure   Level  Hunger
a - Flame Tongue          Conj/Fire      ##...        8%          1    None


Dungeon Overview and Level Annotations

Branches:
Dungeon (2/15)

Altars:


Message History

There is a lethal amount of poison in your body!
It was a potion of invisibility.
You fade into invisibility!
You are very lightly contaminated with residual magic.
It was a potion of might.
You feel very mighty all of a sudden.
* * * LOW HITPOINT WARNING * * *
You feel sick.
It was a potion of flight.
You feel very buoyant.
You fly up into the air.
* * * LOW HITPOINT WARNING * * *
You feel sick.
You see here 6 gold pieces.
* * * LOW HITPOINT WARNING * * *
You feel sick.
You see here an adder corpse.
As you read the scroll labeled WUN REMUAMAWK, it crumbles to dust.
You feel strangely unstable.
It was a scroll of teleportation.
You die...

.<...#.# #############
#†####.##### #...........#
#.####.....#########.##..[.###.#
......................'...># #.#
#.#........#########.##....#
#.## #.#....##### #.#####.# #.#.
#.#....#############.# #.# #.#.
..####.........†...#.# #.# #.#.
.## ##########.@[.#.# #.# #.#. .
#....#.# #.# #.#. . #......# #.#
#.#. ###....# #.# #.##
#....#####.# #... #........#.#
#.## ......#####.#.######
+....... #.#.......
#.......####'#.......


There were no monsters in sight!

Vanquished Creatures
  2 adders (D:2)
  A ball python (D:2)
  3 goblins
  A hobgoblin (D:1)
  3 jackals (D:1)
  A kobold (D:1)
  3 bats
  2 giant newts (D:1)
  3 rats (D:1)
19 creatures vanquished.

Notes
Turn   | Place    | Note
--------------------------------------------------------------
     0 | D:1      | mindo the High Elf Fire Elementalist began the quest for the Orb.
     0 | D:1      | Reached XP level 1. HP: 11/11 MP: 4/4
   260 | D:1      | Reached XP level 2. HP: 8/17 MP: 4/6
   723 | D:2      | Reached XP level 3. HP: 6/21 MP: 6/9
   731 | D:2      | HP: 1/21 [poisoned by an adder]
   736 | D:2      | Succumbed to an adder's poison

Skill      XL: |  1  2 |
---------------+-------+-----
Spellcasting   | 3 |  3.5
Dodging        | |  2.2
Stealth        | |  2.1
Conjurations   | |  1.4
Fire Magic     | |  3.4

Action                   || total
-------------------------++-------
Melee: Dagger            ||    19
 Cast: Flame Tongue      ||    21
  Use: Potion            ||     3
       Scroll            ||     1
Armor: Robe              ||     3
Dodge: Dodged            ||    16
